AoeStats
← Acheron

MegaRandom

503201787Analyzed
1v1 RM · 2mo ago on Aug 30, 2026· 33m 4s· 2 players
Game mode
Random Map
Map size
Tiny (2 player)
Population
200
Speed
Normal
Resources
Standard
Victory
Conquest
Starting age
Dark Age
Ending age
Imperial Age
RankedLock teamsTeams togetherTeam positionsShared explorationLock speedFull tech treeHidden civsTurbo modeCheats
Victory
Defeat
🇷🇺 Muisca · Russia
1523
+19
vs
🇳🇱 Spanish · Netherlands
1585
-19
Acheron
3:05 Loom
9:38 Feudal Age
10:30 Double-Bit Axe
10:36 Champi Runner
12:51 Fletching
16:45 Castle Age
14:44 Horse Collar
17:23 Bodkin Arrow
16:49 Crossbowman
18:11 Bow Saw
18:59 Padded Archer Armor
19:40 Ballistics
20:41 Scale Mail Armor
20:04 Champi Warrior
21:55 Chain Mail Armor
21:43 Squires
21:50 Heavy Plow
21:43 Stone Mining
22:23 Elite Skirmisher
23:26 Town Watch
24:54 Wheelbarrow
28:47 Imperial Age
28:13 Leather Archer Armor
29:31 Bracer
28:54 Capped Ram
30:59 Chemistry
30:07 Arbalester
30:54 Thumb Ring
31:56 Masonry
32:08 Elite Champi Warrior
Le Roi
1:22 Loom
10:26 Feudal Age
16:03 Castle Age
14:30 Horse Collar
18:06 Padded Archer Armor
21:17 Leather Archer Armor
21:18 Bloodlines
21:11 Double-Bit Axe
23:13 Husbandry
30:03 Imperial Age
29:53 Wheelbarrow
29:54 Gold Mining
31:13 Ballistics
31:53 Chemistry
32:01 Masonry
Connection lost

Rejoining the realm…

Still unreachable

The connection could not be restored.

Session expired

The server has moved on; the page needs a fresh start.